 Dungeon Crawl Stone Soup version 0.19.5 (webtiles) character file.

630 McKennaii the Magician (level 7, -3/37 HPs)
             Began as a Deep Elf Fire Elementalist on May 16, 2017.
             Slain by an iguana (12 damage)
             ... on level 4 of the Dungeon.
             The game lasted 00:06:11 (3323 turns).

McKennaii the Magician (Deep Elf Fire Elementalist) Turns: 3323, Time: 00:06:12

Health: -3/37      AC:  5    Str:  5    XL:     7   Next: 24%
Magic:  1/19       EV: 14    Int: 22    God:
Gold:   150        SH:  0    Dex: 15    Spells: 4 memorised, 8 levels left

rFire  . . .     SeeInvis .     (no weapon)
rCold  . . .     Gourm    .     a - +0 robe
rNeg   . . .     Faith    .     (no shield)
rPois  .         Spirit   .     (no helmet)
rElec  .         Reflect  .     m - +2 cloak
rCorr  .         Harm     .     (no gloves)
MR     .....                    (no boots)
Stlth  ++........               (no amulet)
                                (no ring)
                                k - ring of wizardry

@: no status effects
A: no striking features
a: no special abilities


You were on level 4 of the Dungeon.
You were hungry.

You visited 1 branch of the dungeon, and saw 4 of its levels.

You collected 150 gold pieces.

Inventory:

Armour
 a - a +0 robe (worn)
 m - a +2 cloak (worn)
Jewellery
 k - a ring of wizardry (left hand)
Scrolls
 e - a scroll of enchant armour {unknown}
 f - 2 scrolls of amnesia {unknown}
 g - 2 scrolls of teleportation {unknown}
 i - 2 scrolls of immolation {unknown}
 l - 5 scrolls of identify {unknown}
Potions
 h - 3 potions of lignification {unknown}
 j - a potion of curing {unknown}
 n - a potion of heal wounds {unknown}
 q - a potion of mutation {unknown}
Books
 b - a book of Flames

   Spells                             Type                      Level
   a - Flame Tongue                   Conjuration/Fire             1
   b - Throw Flame                    Conjuration/Fire             2
   c - Conjure Flame                  Conjuration/Fire             3
   d - Inner Flame                    Hexes/Fire                   3
   e - Sticky Flame                   Conjuration/Fire             4
   f - Fireball                       Conjuration/Fire             5
Comestibles
 c - 3 bread rations
 d - a beef jerky
 o - 2 meat rations


   Skills:
 + Level 0.4 Fighting
 + Level 4.0 Dodging
 + Level 3.4 Stealth
 + Level 0.1 Unarmed Combat
 + Level 6.7 Spellcasting
 + Level 3.8 Conjurations
 + Level 5.4 Fire Magic


You had 8 spell levels left.
You knew the following spells:

 Your Spells              Type           Power        Failure   Level  Hunger
a - Flame Tongue          Conj/Fire      ####.        1%          1    None
b - Throw Flame           Conj/Fire      ####..       1%          2    None
c - Conjure Flame         Conj/Fire      ####....     1%          3    #......
f - Fireball              Conj/Fire      ####......   16%         5    #####..


Dungeon Overview and Level Annotations

Branches:
Dungeon (4/15)
 Temple: D:4-7

Altars:
Dithmenos
Kikubaaqudgha
Yredelemnul


Message History

Aim: an iguana (heavily wounded)
The flame tongue misses the iguana.
The iguana bites you.
* * * LOW HITPOINT WARNING * * *
Casting: Flame Tongue
Confirm with . or Enter, or press ? or * to list all spells.
You don't have enough magic to cast that spell.
Casting: Flame Tongue
Confirm with . or Enter, or press ? or * to list all spells.
Aiming: Flame Tongue
Press: ? - help, Shift-Dir - straight line, f/p - iguana
Aim: an iguana (heavily wounded)
The flame tongue hits the iguana.
The iguana is almost dead.
Casting: Flame Tongue
Confirm with . or Enter, or press ? or * to list all spells.
Aiming: Flame Tongue
Press: ? - help, Shift-Dir - straight line, f/p - iguana
Aim: an iguana (almost dead)
The flame tongue misses the iguana.
The iguana bites you!
You die...

......###
#..########
....###
##.########
..###
#.........
###
#.........
#).....##
#†###### #.#
##l# ##@.#
##..##
##...#
###....#
#......#
#......# ##
###.....#
.##
###....###.#
..##
###...####
..#


You could see an iguana.

Vanquished Creatures
  The ghost of McKennaii the Firebug, an amateur DEFE (D:3)
  A scorpion (D:4)
  3 hounds (D:4)
  2 orc priests
  An iguana (D:3)
  A centaur skeleton (D:4)
  2 worker ants (D:4)
  An orc wizard (D:3)
  3 gnolls (D:4)
  7 adders
  6 oozes
  5 worms
  4 dart slugs
  2 leopard geckos
  12 orcs
  A ball python (D:3)
  9 bats
  3 giant cockroaches
  13 goblins
  5 hobgoblins
  3 jackals (D:1)
  6 kobolds
  2 quokkas
  6 frilled lizards
  4 rats
103 creatures vanquished.

Notes
Turn   | Place    | Note
-------+----------+-------------------------------------------
     0 | D:1      | McKennaii the Deep Elf Fire Elementalist began the quest for the Orb.
     0 | D:1      | Reached XP level 1. HP: 10/10 MP: 6/6
   135 | D:1      | Reached XP level 2. HP: 15/15 MP: 1/8
   524 | D:1      | Reached XP level 3. HP: 17/19 MP: 2/10
   639 | D:1      | Learned a level 2 spell: Throw Flame
   643 | D:1      | Learned a level 3 spell: Conjure Flame
   886 | D:2      | Reached skill level 4 in Spellcasting
  1110 | D:2      | Reached XP level 4. HP: 15/24 MP: 4/12
  1113 | D:2      | Found an ancient bone altar of Kikubaaqudgha.
  1644 | D:3      | Reached XP level 5. HP: 18/28 MP: 0/14
  1657 | D:3      | Learned a level 5 spell: Fireball
  1676 | D:3      | Reached skill level 5 in Spellcasting
  1701 | D:3      | Noticed McKennaii's ghost (amateur DEFE)
  1752 | D:3      | Found a shadowy altar of Dithmenos.
  1935 | D:3      | Found a basalt altar of Yredelemnul.
  1965 | D:3      | Killed McKennaii's ghost
  1965 | D:3      | Reached skill level 5 in Fire Magic
  1965 | D:3      | Reached XP level 6. HP: 33/33 MP: 6/16
  2468 | D:3      | Found a shadowy altar of Dithmenos.
  2854 | D:4      | Reached skill level 6 in Spellcasting
  2941 | D:4      | Reached XP level 7. HP: 29/37 MP: 5/18
  3323 | D:4      | Slain by an iguana

Skill      XL: |  1  2  3  4  5  6  7 |
---------------+----------------------+-----
Fire Magic     | 4 5 |  5.4
Spellcasting   | 4 5 6 |  6.7
Dodging        | 3 4 |  4.0
Conjurations   | 2 3 |  3.8
Stealth        | 3 |  3.4
Fighting       | |  0.4
Unarmed Combat | |  0.1

Action                   |  1- 3 |  4- 6 |  7- 9 || total
-------------------------+-------+-------+-------++-------
Melee: Unarmed           |     4 |     1 |       ||     5
 Cast: Flame Tongue      |    69 |   151 |    33 ||   253
       Throw Flame       |       |     1 |     3 ||     4
       Conjure Flame     |       |     1 |       ||     1
  Eat: Chunk             |       |     4 |     1 ||     5
       Pizza             |       |     1 |       ||     1
Armor: Robe              |     7 |    28 |       ||    35
Dodge: Dodged            |    33 |    82 |    11 ||   126
